 Dungeon Crawl Stone Soup version 0.28-a0-1524-ge72afd5fc6 (webtiles) character file.

Game seed: 2115708984775367343

7510 frimble the Slicer (level 10, -9/79 HPs)
             Began as a Demonspawn Warper on Jan 18, 2022.
             Was an Elder of Cheibriados.
             Mangled by a two-headed ogre (17 damage)
             ... on level 9 of the Dungeon.
             The game lasted 00:14:41 (15464 turns).

frimble the Slicer (Demonspawn Warper)             Turns: 15464, Time: 00:14:42

Health: -9/79      AC: 10    Str: 23    XL:     10   Next: 95%
Magic:  13/13      EV: 16    Int: 28    God:    Cheibriados [****..]
Gold:   489        SH:  0    Dex: 22    Spells: 11/13 levels left

rFire   . . .      SeeInvis +   z - +1 rapier (elec)
rCold   + . .      Faith    .   (no shield)
rNeg    . . .      Spirit   .   x - +0 acid dragon scales
rPois   +          Reflect  .   (helmet restricted)
rElec   .          Harm     .   e - +0 cloak
rCorr   +          Rampage  .   t - +1 pair of gloves
Will    +....                   g - +0 pair of boots of Demonic Wonder {rPois Will+}
Stlth   +++.......              (no amulet)
HPRegen 0.23/turn               o - ring of see invisible
MPRegen 0.13/turn               f - ring of protection from cold

@: very slow
A: antennae 2, repulsion field 2, powered by pain 2
a: Renounce Religion, Bend Time, Temporal Distortion, Slouch


You were on level 9 of the Dungeon.
You worshipped Cheibriados.
Cheibriados was greatly pleased with you.
You visited 2 branches of the dungeon, and saw 10 of its levels.

You collected 489 gold pieces.

Inventory:

Hand Weapons
 a - a +1 short sword
 b - a +2 dagger of venom
 z - a +1 rapier of electrocution (weapon)
Missiles
 d - 3 boomerangs (quivered)
Armour
 e - a +0 cloak (worn)
 g - the +0 pair of boots of Demonic Wonder (worn) {rPois Will+}
   (You found it on level 6 of the Dungeon)

   rPois:     It protects you from poison.
   Will:      It increases your willpower.
 t - a +1 pair of gloves (worn)
 x - +0 acid dragon scales (worn)
Jewellery
 f - a ring of protection from cold (right hand)
 o - a ring of see invisible (left hand)
Wands
 p - a wand of flame (8)
 r - a wand of paralysis (5)
 y - a wand of polymorph (1)
 A - a wand of charming (7)
Scrolls
 c - 4 scrolls of blinking
 l - 2 scrolls of enchant weapon
 m - 4 scrolls of identify
 q - 2 scrolls of immolation
 s - a scroll of enchant armour
 u - a scroll of summoning
Potions
 h - a potion of flight
 i - a potion of attraction
 j - 3 potions of might
 k - a potion of curing
 n - a potion of mutation {unknown}
 v - a potion of berserk rage {unknown}
 w - 2 potions of heal wounds {unknown}
 B - a potion of degeneration {unknown}


   Skills:
 + Level 7.1 Fighting
 + Level 9.3 Short Blades
 - Level 1.0 Throwing
 - Level 1.1 Armour
 - Level 2.7 Dodging
 + Level 6.4 Stealth
 - Level 2.1 Spellcasting
 - Level 7.1 Translocations
 - Level 6.0 Evocations


You had 11 spell levels left.
You knew the following spells:

 Your Spells              Type           Power      Damage    Failure   Level
a - Blink                 Tloc           84%        N/A       1%          2

Your spell library contained the following spells:

 Spells                   Type           Power      Damage    Failure   Level
 Gell's Gravitas          Tloc           42%        N/A       1%          3
 Lesser Beckoning         Tloc           42%        N/A       1%          3
 Teleport Other           Tloc           42%        N/A       1%          3
 Manifold Assault         Tloc           42%        N/A       17%         5


Dungeon Overview and Level Annotations

Branches:
Dungeon (9/15)             Temple (1/1) D:4
   Lair: D:8-11         Orc: D:9-12

Altars:
Ashenzari
Cheibriados
Dithmenos
Elyvilon
Fedhas
Gozag
Hepliaklqana
Kikubaaqudgha
Makhleb
Nemelex Xobeh
Okawaru
Qazlal
Ru
Sif Muna
Trog
Uskayaw
Vehumet
Wu Jian
Xom
Yredelemnul
Zin
The Shining One

Shops:
D:3 (   D:4 *

Annotations:
D:6 1 runed translucent door
D:8 2 transporters, Shayle's ghost, novice OgWr


Innate Abilities, Weirdness & Mutations

You have a pair of antennae on your head.
You are surrounded by a moderate repulsion field. (EV +3)
You sometimes gain power by taking damage.


Message History

You are too injured to fight recklessly!
You are too injured to fight recklessly!
You are too injured to fight recklessly!
You are too injured to fight recklessly!
You are too injured to fight recklessly!
You are too injured to fight recklessly!
You are too injured to fight recklessly!
You are too injured to fight recklessly!
You are too injured to fight recklessly!
You are too injured to fight recklessly!
You are too injured to fight recklessly!
You hit the steam dragon.
The steam dragon is almost dead.
You are engulfed in a cloud of scalding steam.
You completely miss the steam dragon.
The steam dragon is almost dead.
You are engulfed in a cloud of scalding steam.
The steam dragon closely misses you.
The steam dragon claws you but does no damage.
You hit the steam dragon.
You kill the steam dragon!
Cheibriados appreciates the change of pace.
You are engulfed in a cloud of scalding steam.
You puncture the two-headed ogre!
Lightning courses through the two-headed ogre!!
The two-headed ogre is heavily wounded.
The two-headed ogre hits you with a +0 dire flail!
The two-headed ogre closely misses you.
You puncture the two-headed ogre!
The two-headed ogre is severely wounded.
You barely miss the two-headed ogre.
The two-headed ogre is severely wounded.
The two-headed ogre hits you with a +0 dire flail.
The two-headed ogre closely misses you.
You hit the two-headed ogre but do no damage.
The two-headed ogre is severely wounded.
The two-headed ogre hits you with a +0 dire flail!
* * * LOW HITPOINT WARNING * * *
The two-headed ogre hits you with a +0 giant club!
You die...

#.........#
#.........#
#.........##
#..........##
#............
#..........#
#....O....###
#########....@.......
#.......#.........###
#.......#####.###....
#.......#####.###....
#...................#
#.......########...##
#.......# ###
#....)..# ####)####


You could see a two-headed ogre.

Vanquished Creatures
  A manticore (D:8)
  Pikel (D:5)
  A centaur zombie (D:6)
  Maggie (D:6)
  An unseen horror (D:5)
  Psyche (D:8)
  A meliai (D:7)
  A hornet (D:8)
  A slime creature (D:8)
  A shadow (D:9)
  A wyvern (D:6)
  3 yaks (D:8)
  Eustachio (D:6)
  3 steam dragons
  Menkaure (D:6)
  2 acid dragons (D:8)
  A water moccasin (D:7)
  Duvessa (D:5)
  2 orc warriors
  A hornet zombie (D:7)
  2 ogres
  2 necrophages
  A centaur (D:4)
  A phantom (D:7)
  A lemure (D:5)
  2 bullfrogs
  A gnoll sergeant (D:9)
  A water moccasin zombie (D:6)
  A wyvern zombie (D:6)
  A scorpion (D:5)
  Dowan (D:5)
  5 killer bees (D:8)
  13 wights
  2 howler monkeys
  2 jellies
  9 orc priests
  A human zombie (D:6)
  A bullfrog skeleton (D:5)
  A hound (D:3)
  A human skeleton (D:6)
  A centaur skeleton (D:6)
  3 iguanas (D:6)
  12 orc wizards
  2 killer bee zombies
  A hound skeleton (D:4)
  Robin (D:2)
  9 gnolls
  6 adders
  2 shadow imps
  A white imp (D:8)
  2 ufetubi
  An adder skeleton (D:4)
  A worm (D:4)
  A dart slug (D:4)
  35 orcs
  6 ball pythons
  10 endoplasms
  3 giant cockroaches
  5 hobgoblins
  4 jackals (D:4)
  13 kobolds
  3 quokkas
  A bat (D:2)
  5 frilled lizards
  15 goblins
  A kobold zombie (D:6)
  4 rats
223 creatures vanquished.

Vanquished Creatures (others)
  An orc wizard (D:5)
  9 fungi (D:4)
  7 toadstools (D:4)
17 creatures vanquished.

Grand Total: 240 creatures vanquished

Notes
Turn   | Place    | Note
-------+----------+-------------------------------------------
     0 | D:1      | frimble the Demonspawn Warper began the quest for the Orb.
     0 | D:1      | Reached XP level 1. HP: 16/16 MP: 3/3
    13 | D:1      | Reached skill level 1 in Armour
   232 | D:1      | Reached skill level 1 in Throwing
   408 | D:1      | Gained mutation: You are surrounded by a mild repulsion
                  | field. (EV +2) [demonic ancestry]
   408 | D:1      | Reached XP level 2. HP: 17/22 MP: 5/5
   580 | D:1      | Reached skill level 2 in Short Blades
  1159 | D:2      | Reached XP level 3. HP: 25/27 MP: 6/6
  1193 | D:2      | Noticed Robin
  2190 | D:2      | Reached XP level 4. HP: 27/31 MP: 7/7
  2638 | D:2      | Killed Robin
  2639 | D:2      | Reached skill level 3 in Short Blades
  2639 | D:2      | Reached skill level 1 in Stealth
  3014 | D:3      | Learned a level 2 spell: Blink
  3355 | D:3      | Found Omalyvve's Antique Weapon Shop.
  3361 | D:3      | Gained mutation: You have a pair of small antennae on your
                  | head. [demonic ancestry]
  3361 | D:3      | Reached XP level 5. HP: 38/38 MP: 8/8
  4144 | D:4      | Found Otu Gyko's Assorted Antiques.
  4732 | D:4      | Reached skill level 1 in Evocations
  4750 | D:4      | Found a staircase to the Ecumenical Temple.
  4766 | D:4      | Noticed a necrophage
  4803 | D:4      | Killed a necrophage
  4804 | D:4      | Reached skill level 4 in Short Blades
  4804 | D:4      | Gained mutation: You sometimes gain a little power by
                  | taking damage. [demonic ancestry]
  4804 | D:4      | Reached XP level 6. HP: 30/44 MP: 9/9
  5503 | Temple   | Entered the Ecumenical Temple
  5510 | Temple   | Became a worshipper of Cheibriados the Contemplative
  5529 | D:5      | Entered Level 5 of the Dungeon
  5734 | D:5      | Gained mutation: You are surrounded by a moderate repulsion
                  | field. (EV +3) [demonic ancestry]
  5734 | D:5      | Reached XP level 7. HP: 17/50 MP: 10/10
  6095 | D:5      | Noticed Duvessa
  6095 | D:5      | Noticed Dowan
  6367 | D:5      | Reached * piety under Cheibriados
  6926 | D:5      | Reached skill level 5 in Short Blades
  7161 | D:5      | HP: 2/50 [Dowan/puff of flame (12)]
  7163 | D:5      | Killed Dowan
  7634 | D:5      | Noticed an unseen horror
  7660 | D:5      | Killed an unseen horror
  7661 | D:5      | Reached skill level 5 in Translocations
  7661 | D:5      | Gained mutation: You have a pair of antennae on your head.
                  | [demonic ancestry]
  7661 | D:5      | Reached XP level 8. HP: 9/56 MP: 7/11
  7963 | D:5      | Killed Duvessa
  8267 | D:6      | Noticed Pikel
  8484 | D:5      | Killed Pikel
  8485 | D:5      | Reached skill level 6 in Short Blades
  8485 | D:5      | Reached skill level 5 in Evocations
  8673 | D:6      | Identified the +0 pair of boots of Demonic Wonder {rPois
                  | Will+}
  9259 | D:6      | Found a runed translucent door.
  9283 | D:6      | Gained mutation: You sometimes gain power by taking damage.
                  | [demonic ancestry]
  9283 | D:6      | Reached XP level 9. HP: 15/58 MP: 9/12
  9997 | D:6      | Found a basalt altar of Yredelemnul.
 10053 | D:6      | Reached ** piety under Cheibriados
 10267 | D:6      | Reached skill level 7 in Short Blades
 10951 | D:6      | Noticed Maggie
 10957 | D:6      | Killed Maggie
 11156 | D:6      | Noticed Menkaure
 11164 | D:6      | Killed Menkaure
 11203 | D:6      | Noticed Eustachio
 11290 | D:6      | Killed Eustachio
 12192 | D:7      | Noticed Joseph
 12203 | D:7      | Noticed Joseph
 12203 | D:7      | Joseph changed into Joseph the meliai
 12205 | D:7      | Killed Joseph the meliai
 12206 | D:7      | Reached skill level 8 in Short Blades
 12354 | D:7      | Reached XP level 10. HP: 60/73 MP: 13/13
 12541 | D:7      | Reached skill level 5 in Fighting
 12692 | D:7      | Found a blossoming altar of Fedhas.
 12984 | D:7      | Reached *** piety under Cheibriados
 13232 | D:8      | Found an ornate altar of the Wu Jian Council.
 13232 | D:8      | Found an iron altar of Okawaru.
 13686 | D:8      | Noticed Psyche
 13699 | D:8      | Killed Psyche
 13961 | D:8      | Reached skill level 5 in Stealth
 14111 | D:8      | Found a transporter.
 14112 | D:8      | Noticed Shayle's ghost (novice OgWr)
 14113 | D:8      | Identified the +6 great mace of Abomination {vorpal, Contam
                  | Str+8}
 14113 | D:8      | Noticed a two-headed ogre
 14118 | D:8      | Found a transporter.
 14490 | D:8      | Reached **** piety under Cheibriados
 14903 | D:8      | Noticed a centaur warrior
 14908 | D:8      | Noticed a red ugly thing
 14910 | D:8      | Noticed a green ugly thing
 14911 | D:8      | Noticed a purple ugly thing
 14912 | D:8      | Noticed a manticore
 14915 | D:8      | Reached skill level 9 in Short Blades
 14918 | D:8      | Killed a manticore
 15455 | D:9      | Noticed a two-headed ogre
 15464 | D:9      | Mangled by a two-headed ogre

Illustrated notes

Levels and vault maps discovered:
D:1:      lemuel_arrival_room, layout_basic, minmay_pentomino_w2
D:2:      layout_basic, uniq_robin
D:3:      layout_loops_ring, serial_shops, nicolae_shop_trees,
          minmay_misc_feat_pillars, serial_bayou_pond_d, serial_park_tiny_1
D:4:      cheibrodos_fertilizer, layout_loops_ring,
          minmay_temple_entry_drinking_statues, serial_shops, shop,
          nicolae_concentric_dashed_squares_wild
D:5:      layout_basic, uniq_duvessa
D:6:      layout_loops_corners, dk_yredelemnul_ordeal, uniq_pikel,
          uniq_menkaure, uniq_maggie, uniq_eustachio
D:7:      layout_basic, fedhas_altar_2, uniq_joseph
D:8:      layout_basic, mainiacjoe_overflow_catwalk_spiral,
          gammafunk_ghost_smash, minmay_the_grid_2x2 [minmay_the_grid_x,
          minmay_the_grid_dragon_b, minmay_the_grid_zigzag_pyramid,
          minmay_the_grid_prize_big_room], uniq_psyche
D:9:      layout_loops_ring, david_lair_generic
Temple:   nicolae_temple_no_exploring_needed

Skill      XL: |  1  2  3  4  5  6  7  8  9 10 |
---------------+-------------------------------+-----
Armour         | 1 |  1.1
Throwing       | 1 |  1.0
Short Blades   | 2 3 4 5 6 8 9 |  9.3
Dodging        | 2 |  2.7
Stealth        | 1 2 3 6 |  6.4
Translocations | 3 5 6 7 |  7.1
Evocations     | 1 2 4 5 6 |  6.0
Fighting       | 4 7 |  7.1
Spellcasting   | |  2.1

Action                   |  1- 3 |  4- 6 |  7- 9 | 10-12 || total
-------------------------+-------+-------+-------+-------++-------
Melee: Short sword       |   102 |       |    51 |       ||   153
       Dagger            |    14 |   287 |   368 |       ||   669
       Punch             |     1 |     1 |    15 |     1 ||    18
       Rapier            |       |       |    58 |   263 ||   321
Throw: Boomerang         |     2 |     1 |     2 |     1 ||     6
       Throwing net      |       |       |     1 |       ||     1
 Cast: Blink             |       |     3 |    10 |     1 ||    14
Invok: Bend Time         |       |       |     1 |       ||     1
Evoke: Wand              |       |     2 |    34 |     1 ||    37
  Use: Scroll            |     2 |       |     8 |     2 ||    12
       Potion            |     1 |     1 |     4 |       ||     6
 Stab: Sleeping          |       |     5 |     1 |     7 ||    13
       Paralysed         |       |       |     6 |     2 ||     8
       Held in net/web   |       |       |     1 |       ||     1
       Invisible         |       |       |       |     1 ||     1
Armor: Leather armour    |    26 |    59 |    65 |       ||   150
       Acid dragon scale |       |       |    43 |    65 ||   108
Dodge: Dodged            |    79 |   178 |   284 |   177 ||   718

Table legend: (Time is in decaauts)
 A = Elapsed time spent in this place.
 B = Non-inter-level travel time spent in this place.
 C = Inter-level travel time spent in this place.
 D = Time resting spent in this place.
 E = Time spent auto-exploring this place.
 F = Levels seen in this place.
 G = Mean time per level.
                   A        B        C        D        E       F      G
               +--------+--------+--------+--------+--------+-----+--------+
         Total |  16774 |  16404 |    370 |   1087 |  12928 |  10 | 1677.4 |
       Dungeon |  16758 |  16403 |    355 |   1087 |  12928 |   9 | 1862.0 |
        Temple |     16 |      1 |     15 |      0 |      0 |   1 |   16.0 |
               +--------+--------+--------+--------+--------+-----+--------+

Top non-repeatable levels by time:
     D:6: 3287 daAuts
     D:5: 3076 daAuts
     D:4: 2067 daAuts
     D:8: 2052 daAuts
     D:2: 1771 daAuts
     D:7: 1561 daAuts
     D:1: 1214 daAuts
     D:3: 1138 daAuts
     D:9: 588 daAuts
  Temple: 16 daAuts
